 Dungeon Crawl Stone Soup version 0.21.1-1-g345015fe64 (webtiles) character file.

41449 JOKERXD40 the Severer (level 14, -1/129 HPs)
             Began as a Hill Orc Monk on July 6, 2018.
             Was a High Priest of Beogh.
             Hit by a large rock thrown by a cyclops (36 damage)
             ... on level 2 of the Orcish Mines on July 9, 2018.
             The game lasted 01:21:44 (19235 turns).

JOKERXD40 the Severer (Hill Orc Monk)              Turns: 19235, Time: 01:21:45

Health: -1/129     AC: 25    Str: 21    XL:     14   Next: 15%
Magic:  15/15      EV:  9    Int: 10    God:    Beogh [*****.]
Gold:   1341       SH:  0    Dex: 16    Spells: 13/13 levels left

rFire    . . .     SeeInvis .   Q - +1 shortbow (freeze)
rCold    . . .     Gourm    .   (shield currently unavailable)
rNeg     . . .     Faith    .   z - +0 plate armour
rPois    .         Spirit   .   S - +0 helmet
rElec    .         Reflect  .   V - +0 cloak
rCorr    .         Harm     .   T - +0 pair of fencer's gloves {+Riposte Dex+3}
MR       +....                  u - +0 pair of boots
Stlth    ..........             f - amulet of rage
HPRegen  0.31/turn              w - +3 ring of protection
MPRegen  0.14/turn              e - +2 ring of strength

@: no status effects
A: walk on water
a: Smiting, Recall Orcish Followers, Give Item to Named Follower, Renounce
Religion, Evoke Berserk Rage


You were on level 2 of the Orcish Mines.
You worshipped Beogh.
Beogh was extremely pleased with you.
You were not hungry.

You visited 3 branches of the dungeon, and saw 19 of its levels.

You collected 1397 gold pieces.
You spent 56 gold pieces at shops.

Inventory:

Hand Weapons
 g - a +0 battleaxe
 m - a +1 halberd of freezing
 Q - a +1 shortbow of freezing (weapon)
Missiles
 p - 16 tomahawks
 M - 227 arrows (quivered)
Armour
 u - a +0 pair of boots (worn)
 z - a +0 plate armour (worn)
 C - a +1 troll leather armour {Snorg}
 S - a +0 helmet (worn)
 T - the +0 pair of fencer's gloves (worn) {+Riposte Dex+3}
   (You found it on level 10 of the Dungeon)

   It affects your dexterity (+3).
 V - a +0 cloak (worn)
Magical Staves
 J - an uncursed staff of air
Jewellery
 e - a +2 ring of strength (right hand)
 f - an amulet of rage (around neck)
 k - an uncursed ring of poison resistance
 w - a +3 ring of protection (left hand)
 x - an uncursed ring of protection from cold
Wands
 a - a wand of enslavement (13)
 d - a wand of acid (29)
 j - a wand of digging (13)
 t - a wand of iceblast (46)
 y - a wand of paralysis (33)
 I - a wand of scattershot (6)
 K - a wand of clouds (3)
 U - a wand of disintegration (20)
Scrolls
 i - 3 scrolls of immolation
 l - 8 scrolls of remove curse
 n - 2 scrolls of enchant armour
 o - a scroll of torment {unknown}
 q - a scroll of fear {unknown}
 r - 2 scrolls of identify
 B - 2 scrolls of magic mapping
 F - 4 scrolls of teleportation
 G - 5 scrolls of fog
 R - 3 scrolls of vulnerability {unknown}
 W - 2 scrolls of blinking
 Y - a scroll of acquirement {unknown}
Potions
 b - a potion of resistance {unknown}
 h - a potion of cancellation {unknown}
 s - a potion of might
 v - 3 potions of agility
 A - 3 potions of heal wounds
 E - 5 potions of curing
 H - 4 potions of mutation
 N - 2 potions of haste
 O - 3 potions of flight
Miscellaneous
 P - a box of beasts
 Z - a crystal ball of energy
Comestibles
 c - 19 rations


   Skills:
 + Level 13.2 Fighting
 + Level 19.8 Axes
 + Level 1.3 Bows
 + Level 0.3 Throwing
 + Level 13.5 Armour
 + Level 4.0 Dodging
 + Level 3.6 Stealth
 + Level 0.2 Invocations
 + Level 1.3 Evocations


You had 13 spell levels left.
You didn't know any spells.

Dungeon Overview and Level Annotations

Branches:
Dungeon (12/15)            Temple (0/1) D:6            Lair (5/6) D:8
  Swamp (0/4) Lair:2        Snake (0/4) Lair:3          Orc (2/2) D:12
  Slime: Lair:5-6       Elf: Orc:2

Altars:
Cheibriados
Dithmenos
Makhleb
Nemelex Xobeh
Okawaru
Ru
Sif Muna
Trog
Wu Jian
Yredelemnul
The Shining One
Beogh

Shops:
D:5 ?   D:6 %   D:11 =}   Orc:2 [:*


Message History

The cyclops is lightly wounded.
The cyclops throws a large rock.
The large rock hits your orc wizard!!
Your orc wizard dies!
Boderik roars a battlecry!
Your orcs go into a battle-frenzy!
The cyclops throws a large rock.
The large rock barely misses your orc warrior.
The large rock hits you!!
* * * LOW HITPOINT WARNING * * *
Items here: ( )) [[ † You swap places.
Firing (i - inventory. (,) - cycle):
M - 228 arrows (quivered)
Press: ? - help, Shift-Dir - straight line, f/p - cyclops
Aim: a cyclops (lightly wounded)
You shoot an arrow. The arrow hits the cyclops!
The arrow freezes the cyclops.
The cyclops is moderately wounded.
Your orc knight roars a battlecry!
Boderik goes into a battle-frenzy!
The cyclops throws a large rock.
The large rock hits you!!!
You die...

.....∩......##.##........).......
.......8...(#....#...............
P........P.)(..........#.........
#.........#..(o..#...##÷.(..(..(.
#..P.PP...))[)o.###......(.......
#.......##()#)o.†................
#...(((.)).)#.o(oo...P#..........
........(..##.o(............##..<
..........##..o8@o.........#.....
..........##...o....PPP..........
...._.....##.....∩...............
.............P.............#..##.
..............P...C.............
........###....P.................
..##.#. ##.PP....P...###.......
...#.P(PP...# .......
.#.....##.##


You could see a cyclops, the friendly Boderik the orc warlord, the friendly
Thorok the orc warlord, 2 friendly orc knights, 3 friendly orc warriors, a
friendly orc priest and 2 friendly orc wizards.

Vanquished Creatures
  Rupert (Lair:3)
  Snorg (Orc:2)
  An ettin (Orc:1)
  Harold (D:10)
  4 hydras
  Erica (D:9)
  A two-headed ogre (D:10)
  An orc high priest (Orc:2)
  A death yak (Lair:5)
  The ghost of mrdizzer the Shield-Bearer, a novice GrFi (D:6)
  3 cyclopes
  An elephant (Lair:3)
  A centaur zombie (D:11)
  A black mamba (Lair:5)
  A centaur skeleton (D:10)
  A rime drake (Lair:2)
  A komodo dragon (Lair:5)
  5 trolls
  2 hippogriffs
  2 blink frogs
  A spriggan (D:8)
  A wraith (D:11)
  8 yaks
  Sigmund (D:5)
  A wyvern (D:12)
  3 vampire mosquitoes (D:12)
  2 wargs
  3 water moccasins
  4 porcupines
  6 orc warriors
  3 black bears
  4 sky beasts
  2 ice beasts
  6 ogres
  5 wolves
  4 phantoms
  4 necrophages
  7 centaurs
  4 crocodiles
  A big kobold (D:5)
  11 bullfrogs
  A gnoll sergeant (D:6)
  4 scorpions
  10 killer bees
  5 howler monkeys
  5 wights
  4 crimson imps
  A bullfrog zombie (D:9)
  2 jellies
  A gnoll shaman (D:9)
  2 orc priests
  A hound (D:10)
  A bullfrog skeleton (D:6)
  Ijyb (D:5)
  Terence (D:2)
  3 iguanas
  3 orc wizards
  7 worker ants
  A hound skeleton (D:9)
  A mummy (D:11)
  A worker ant zombie (D:9)
  A howler monkey skeleton (D:9)
  9 gnolls
  12 adders
  2 shadow imps
  2 oozes
  4 worms
  4 dart slugs
  8 leopard geckos
  15 orcs
  A ball python (D:1)
  9 giant cockroaches
  11 goblins
  18 hobgoblins
  9 jackals
  4 quokkas
  8 bats
  3 frilled lizards
  8 kobolds
  A quokka skeleton (D:5)
  10 rats
  A spectral orc (D:6)
  8 fungi
  3 plants
318 creatures vanquished.

Vanquished Creatures (collateral kills)
  Gastronok (D:9)
  3 ettins (Orc:2)
  3 hydras
  5 death yaks (Lair:5)
  A two-headed ogre (D:10)
  Urug (D:10)
  6 ugly things
  3 orc sorcerers
  6 cyclopes
  4 black mambas
  Joseph (D:10)
  4 elephants (Lair:3)
  A centaur zombie (D:11)
  Psyche (D:9)
  4 spiny frogs
  A centaur skeleton (D:9)
  5 komodo dragons
  A yaktaur (shapeshifter) (D:10)
  3 trolls
  A hornet (D:10)
  3 hippogriffs
  3 slime creatures (D:12)
  6 blink frogs
  A wyvern (Lair:5)
  3 vampire mosquitoes (D:12)
  8 yaks
  A basilisk (Lair:5)
  2 hungry ghosts
  A warg (Orc:2)
  8 water moccasins
  2 porcupines
  4 orc warriors
  An eye of draining (D:11)
  2 ice beasts (D:12)
  A sky beast (D:10)
  A phantom (D:12)
  2 ogres
  2 black bears
  5 wolves
  A crocodile (Lair:2)
  6 bullfrogs
  4 killer bees
  2 howler monkeys (D:9)
  3 crimson imps
  A bullfrog skeleton (D:9)
  A quasit (D:11)
  An orc priest (Orc:1)
  2 iguanas
  8 orc wizards
  3 worker ants
  2 worker ant zombies (D:11)
  A gnoll (D:9)
  An adder (D:9)
  A worm (D:9)
  A leopard gecko (D:10)
  5 orcs
  2 giant cockroaches
  A quokka (D:10)
  A bush (Lair:5)
  12 fungi
  3 plants
173 creatures vanquished.

Vanquished Creatures (others)
  3 orc warriors (Orc:2)
  An orc priest (D:7)
  4 orc wizards
  24 orcs
  10 fungi (Lair:5)
  A plant (Lair:5)
43 creatures vanquished.

Grand Total: 534 creatures vanquished

Notes
Turn   | Place    | Note
-------+----------+-------------------------------------------
     0 | D:1      | JOKERXD40 the Hill Orc Monk began the quest for the Orb.
     0 | D:1      | Reached XP level 1. HP: 19/19 MP: 1/1
    94 | D:1      | Reached XP level 2. HP: 13/27 MP: 2/2
   526 | D:1      | Reached XP level 3. HP: 28/33 MP: 3/3
  1127 | D:2      | Noticed Terence
  1153 | D:2      | Killed Terence
  1153 | D:2      | Reached skill level 5 in Axes
  1153 | D:2      | Reached XP level 4. HP: 26/40 MP: 4/4
  1272 | D:2      | Reached skill level 1 in Armour
  1417 | D:2      | Reached XP level 5. HP: 42/47 MP: 5/5
  1711 | D:2      | Found a sparkling altar of Nemelex Xobeh.
  1819 | D:2      | Reached skill level 6 in Axes
  2206 | D:3      | Noticed a phantom
  2244 | D:3      | Reached XP level 6. HP: 49/53 MP: 6/6
  2299 | D:3      | Killed a phantom
  2299 | D:3      | Reached skill level 7 in Axes
  2725 | D:4      | Became a worshipper of Beogh the Brigand
  2725 | D:4      | Reached * piety under Beogh
  2725 | D:4      | Reached ** piety under Beogh
  2781 | D:4      | Found a shadowy altar of Dithmenos.
  2898 | D:4      | Reached skill level 5 in Fighting
  2956 | D:4      | Reached XP level 7. HP: 44/61 MP: 7/7
  3356 | D:4      | Found a burning altar of Makhleb.
  3501 | D:5      | Entered Level 5 of the Dungeon
  3548 | D:5      | Reached skill level 8 in Axes
  3606 | D:5      | Noticed Ijyb
  3631 | D:5      | Killed Ijyb
  5432 | D:5      | Found Leuhiky's Magic Scroll Shoppe.
  5440 | D:5      | Bought a scroll of identify for 28 gold pieces
  5440 | D:5      | Bought a scroll of identify for 28 gold pieces
  5507 | D:5      | Reached XP level 8. HP: 10/69 MP: 8/8
  5891 | D:5      | Found a glowing golden altar of the Shining One.
  5917 | D:5      | Reached skill level 5 in Armour
  5939 | D:5      | Noticed Sigmund
  5963 | D:5      | Killed Sigmund
  5963 | D:5      | Reached skill level 9 in Axes
  6827 | D:6      | Reached skill level 10 in Axes
  6832 | D:6      | Reached XP level 9. HP: 62/78 MP: 9/9
  6845 | D:6      | Found a deep blue altar of Sif Muna.
  6873 | D:6      | Noticed mrdizzer's ghost (novice GrFi)
  6962 | D:6      | Killed mrdizzer's ghost
  6962 | D:6      | Reached skill level 11 in Axes
  6967 | D:6      | HP: 2/79 [gnoll/spear (6)]
  6979 | D:6      | Found a bloodstained altar of Trog.
  7390 | D:6      | Found Cefel's Food Shoppe.
  7423 | D:6      | Found a staircase to the Ecumenical Temple.
  7460 | D:6      | Found a sacrificial altar of Ru.
  7562 | D:6      | Found a basalt altar of Yredelemnul.
  7567 | D:6      | Reached *** piety under Beogh
  7659 | D:6      | Found an iron altar of Okawaru.
  7856 | D:7      | Reached skill level 12 in Axes
  8381 | D:7      | Reached XP level 10. HP: 76/86 MP: 10/10
  8711 | D:7      | Noticed a purple ugly thing
  8725 | D:7      | Killed a purple ugly thing
  9100 | D:8      | Reached skill level 13 in Axes
  9801 | D:8      | Found a staircase to the Lair.
 10114 | D:9      | Noticed Psyche
 10118 | D:9      | Killed Psyche
 10315 | D:9      | Noticed Erica
 10331 | D:9      | Reached **** piety under Beogh
 10338 | D:9      | Killed Erica
 10338 | D:9      | Reached skill level 14 in Axes
 10378 | D:9      | Reached XP level 11. HP: 40/95 MP: 11/11
 10418 | D:9      | Found an ornate altar of the Wu Jian Council.
 10733 | D:9      | Noticed Gastronok
 10749 | D:9      | Killed Gastronok
 10749 | D:9      | Reached skill level 15 in Axes
 10774 | D:9      | Got an ancient scale mail
 10785 | D:9      | Identified the cursed +0 scale mail of Fun {rC+} (You found it on level 9 of the Dungeon)
 10946 | D:9      | Found a snail-covered altar of Cheibriados.
 11115 | D:10     | Entered Level 10 of the Dungeon
 11313 | D:10     | Noticed Harold
 11325 | D:10     | Killed Harold
 11325 | D:10     | Reached skill level 10 in Armour
 11419 | D:10     | Noticed Joseph
 11433 | D:10     | Killed Joseph
 11513 | D:10     | Noticed a two-headed ogre
 11513 | D:10     | Noticed a two-headed ogre
 11517 | D:10     | Killed a two-headed ogre
 11520 | D:10     | Killed a two-headed ogre
 11818 | D:10     | Noticed Urug
 11826 | D:10     | Killed Urug
 11826 | D:10     | Reached skill level 10 in Fighting
 11826 | D:10     | Reached skill level 16 in Axes
 11888 | D:10     | Found the +0 pair of fencer's gloves {+Riposte Dex+3}
 12315 | D:11     | Found Ziaxegh's Gadget Shop.
 12316 | D:11     | Noticed a cyan ugly thing
 12329 | D:11     | Killed a cyan ugly thing
 12367 | D:11     | Noticed a red ugly thing
 12368 | D:11     | Noticed a seven-headed hydra
 12748 | Lair:1   | Entered Level 1 of the Lair of Beasts
 12775 | Lair:1   | Reached XP level 12. HP: 96/106 MP: 12/12
 12787 | Lair:1   | Reached ***** piety under Beogh
 12787 | Lair:1   | Gained Thorok as an ally
 13175 | Lair:1   | Noticed a five-headed hydra
 13181 | Lair:1   | Killed an eight-headed hydra
 13655 | Lair:2   | Found a staircase to the Swamp.
 13655 | Lair:2   | Noticed a four-headed hydra
 13663 | Lair:2   | Killed a seven-headed hydra
 13697 | Lair:2   | Gained Boderik as an ally
 13814 | Lair:2   | Reached skill level 17 in Axes
 14619 | Lair:3   | Found a staircase to the Snake Pit.
 14767 | Lair:3   | Noticed Rupert
 14776 | Lair:3   | Killed Rupert
 15373 | Lair:4   | Noticed a four-headed hydra
 15378 | Lair:4   | Killed a five-headed hydra
 15562 | Lair:5   | Reached XP level 13. HP: 91/116 MP: 13/13
 15570 | Lair:5   | Reached skill level 18 in Axes
 17149 | D:11     | Found Koenk's Jewellery Shoppe.
 17203 | D:11     | Reached skill level 19 in Axes
 17605 | D:12     | Found a staircase to the Orcish Mines.
 18273 | Orc:1    | Entered Level 1 of the Orcish Mines
 18273 | Orc:1    | Found a roughly hewn altar of Beogh.
 18666 | Orc:1    | Noticed an ettin
 18675 | Orc:1    | Killed an ettin
 18675 | Orc:1    | Reached skill level 1 in Evocations
 18905 | Orc:2    | Entered Level 2 of the Orcish Mines
 18925 | Orc:2    | Noticed Snorg
 18933 | Orc:2    | Killed Snorg
 18936 | Orc:2    | Reached XP level 14. HP: 123/126 MP: 14/14
 18940 | Orc:2    | Gained Norbak as an ally
 18969 | Orc:2    | Found Ummi's General Store.
 18986 | Orc:2    | Reached skill level 1 in Bows
 19017 | Orc:2    | Found Ilurerakk's Book Emporium.
 19030 | Orc:2    | Gained Borgk as an ally
 19039 | Orc:2    | Your ally Borgk died
 19043 | Orc:2    | Your ally Norbak died
 19050 | Orc:2    | Found Gin Duyp's Antique Armour Shoppe.
 19057 | Orc:2    | Found a roughly hewn altar of Beogh.
 19235 | Orc:2    | Hit by a large rock thrown by a cyclops

Skill      XL: |  1  2  3  4  5  6  7  8  9 10 11 12 13 14 |
---------------+-------------------------------------------+-----
Fighting       | 4 5 6 7 8 10 11 12 13 | 13.2
Axes           | 5 6 7 8 10 12 14 16 17 19 | 19.8
Armour         | 1 2 3 4 6 8 9 11 12 13 | 13.5
Dodging        | 3 4 |  4.0
Stealth        | 2 3 |  3.6
Evocations     | 1 |  1.3
Bows           | 1 |  1.3
Throwing       | |  0.3
Invocations    | |  0.2

Action                   |  1- 3 |  4- 6 |  7- 9 | 10-12 | 13-15 || total
-------------------------+-------+-------+-------+-------+-------++-------
Melee: Hand axe          |   130 |   324 |   328 |       |       ||   782
       War axe           |       |       |    91 |       |       ||    91
       Battleaxe         |       |       |     9 |   417 |   231 ||   657
 Fire: Shortbow          |       |       |       |     1 |    12 ||    13
Throw: Stone             |       |       |     8 |       |       ||     8
Invok: Convert to Beogh  |       |     1 |       |       |       ||     1
       Recall Orcish Fol |       |       |       |     1 |     1 ||     2
       Give Item to Name |       |       |       |     2 |     1 ||     3
 Abil: Evoke Berserk Rag |       |       |       |       |     4 ||     4
Evoke: Wand              |       |       |     1 |     1 |       ||     2
  Use: Scroll            |       |     2 |     6 |     4 |     8 ||    20
       Potion            |       |       |     6 |     1 |     1 ||     8
 Stab: Paralysed         |       |       |     4 |       |       ||     4
       Distracted        |       |       |       |     3 |     4 ||     7
  Eat: Chunk             |       |     7 |     5 |    14 |     7 ||    33
       Ration            |       |       |     4 |     3 |     3 ||    10
Armor: Scale mail        |    44 |    68 |       |       |       ||   112
       Chain mail        |       |    74 |     3 |       |       ||    77
       Plate armour      |       |       |   216 |   364 |   165 ||   745
       Skin              |       |       |    31 |       |       ||    31
Dodge: Dodged            |    91 |   132 |   101 |   222 |   105 ||   651
       Rpst.: Battleaxe  |       |       |       |    16 |    19 ||    35
